ORI
UNIVERSITY OF FLORIDA GATORS @ UNIVERSITY OF NEBRASKA CORNHUSKERS
08/11/2048
 
TOP OF THE 1ST
University of Florida Gators batting - Pitching for University of Nebraska Cornhuskers : RHP Reshid Menderes
Pitching: RHP Reshid Menderes
Batting: RHB Marco Morales 0-0: Ball
1-0: Ball
2-0: Fly out, F7 (Flyball, 7LM, EV 85.0 MPH)
Batting: RHB Luis Cabera 0-0: Called Strike
0-1: Foul Ball, location: 2F
0-2: Foul Ball, location: 2F
0-2: Foul Ball, location: 2F
0-2: Ball
1-2: Strikes out swinging
Batting: LHB Terry Bayer 0-0: Ball
1-0: Called Strike
1-1: Ground out U3 (Groundball, 3L, EV 92.5 MPH)
Top of the 1st over - 0 runs, 0 hits, 0 errors, 0 left on base; University of Florida 0 - University of Nebraska 0
BOTTOM OF THE 1ST
University of Nebraska Cornhuskers batting - Pitching for University of Florida Gators : RHP Marc Miles
Pitching: RHP Marc Miles
Batting: RHB Mario Lopec 0-0: Foul Ball, location: 2F
0-1: Called Strike
0-2: Ball
1-2: Ball
2-2: Ball
3-2: Foul Ball, location: 2F
3-2: Ground out 6-3 (Groundball, 6, EV 87.5 MPH)
Batting: SHB Gary Luckwell 0-0: Ball
1-0: Foul Ball, location: 2F
1-1: Ball
2-1: Swinging Strike
2-2: Fly out, F8 (Flyball, 8RM, EV 84.4 MPH)
Batting: RHB Zion Jones 0-0: Ball
1-0: Ball
2-0: Called Strike
2-1: Ground out 1-3 (Groundball, 13, EV 78.1 MPH)
Bottom of the 1st over - 0 runs, 0 hits, 0 errors, 0 left on base; University of Florida 0 - University of Nebraska 0
TOP OF THE 2ND
University of Florida Gators batting - Pitching for University of Nebraska Cornhuskers : RHP Reshid Menderes
Batting: SHB Nelson Carachure 0-0: Called Strike
0-1: Ball
1-1: Foul Ball, location: 2F
1-2: Ball
2-2: Ball
3-2: Foul Ball, location: 2F
3-2: Base on Balls
Batting: RHB Robert Mason 0-0: Ball
1-0: Grounds into double play, 5-4-3 (Groundball, 56S, EV 90.6 MPH)
Batting: RHB Lião Weishampt 0-0: Ball
1-0: Called Strike
1-1: Ground out 3-1 (Groundball, 34S, EV 81.9 MPH)
Top of the 2nd over - 0 runs, 0 hits, 0 errors, 0 left on base; University of Florida 0 - University of Nebraska 0
BOTTOM OF THE 2ND
University of Nebraska Cornhuskers batting - Pitching for University of Florida Gators : RHP Marc Miles
Batting: RHB Chris Anthony 0-0: Ball
1-0: Ball
2-0: Ball
3-0: Base on Balls
Batting: RHB Matt Peters 0-0: Called Strike
0-1: Called Strike
Chris Anthony steals 2nd base (no throw)
0-2: Ground out 6-3 (Groundball, 6, EV 101.9 MPH)
Batting: LHB David Sigmon 0-0: Called Strike
Chris Anthony steals 3rd base
0-1: Called Strike
0-2: Foul Ball, location: 2F
0-2: Ball
1-2: Foul Ball, location: 2F
1-2: Strikes out looking
Batting: LHB Mike Rawson 0-0: Called Strike
0-1: Called Strike
0-2: Strikes out swinging
Bottom of the 2nd over - 0 runs, 0 hits, 0 errors, 1 left on base; University of Florida 0 - University of Nebraska 0
TOP OF THE 3RD
University of Florida Gators batting - Pitching for University of Nebraska Cornhuskers : RHP Reshid Menderes
Batting: RHB Gong-sun Law 0-0: Swinging Strike
0-1: Ball
1-1: Fly out, F4 (Popup, 34S, EV 84.4 MPH)
Batting: RHB Juan Lopez 0-0: Called Strike
0-1: Foul Ball, location: 2F
0-2: Foul Ball, location: 2F
0-2: Strikes out swinging
Batting: RHB Jae-won Kwon 0-0: Ground out 6-3 (Groundball, 6, EV 83.8 MPH)
Top of the 3rd over - 0 runs, 0 hits, 0 errors, 0 left on base; University of Florida 0 - University of Nebraska 0
BOTTOM OF THE 3RD
University of Nebraska Cornhuskers batting - Pitching for University of Florida Gators : RHP Marc Miles
Batting: SHB Kent Worboys 0-0: Ball
1-0: Ball
2-0: Ground out 6-3 (Groundball, 56, EV 78.1 MPH)
Batting: RHB Quentin Howland 0-0: Ball
1-0: Foul Ball, location: 2F
1-1: SINGLE (Groundball, 25, EV 68.8 MPH) (infield hit)
Batting: RHB Mario Lopec 0-0: Ball
1-0: Ball
2-0: Called Strike
2-1: Reached on error, E5 (Groundball, 5S, EV 83.1 MPH)
Quentin Howland to second
Batting: SHB Gary Luckwell 0-0: Reached on error, E3 (Groundball, 3, EV 105.0 MPH)
Quentin Howland to third
Mario Lopec to second
Batting: RHB Zion Jones 0-0: Foul Ball, location: 2F
0-1: Ball
1-1: Ball
2-1: Foul Ball, location: 2F
2-2: Ball
3-2: Fly out, F8 (Line Drive, 8RD, EV 94.4 MPH)
Runner from 3rd tags up, SCORES, throw by CF
Batting: RHB Chris Anthony 0-0: Ball
1-0: Ball
2-0: Called Strike
2-1: Ball
3-1: Base on Balls
Mario Lopec to third
Gary Luckwell to second
Batting: RHB Matt Peters 0-0: Called Strike
0-1: Foul Ball, location: 2F
0-2: Ball
Wild Pitch!
Mario Lopec scores
Gary Luckwell to third
Chris Anthony to second
1-2: Ground out 6-3 (Groundball, 56, EV 91.2 MPH)
Bottom of the 3rd over - 2 runs, 1 hit, 2 errors, 2 left on base; University of Florida 0 - University of Nebraska 2
TOP OF THE 4TH
University of Florida Gators batting - Pitching for University of Nebraska Cornhuskers : RHP Reshid Menderes
Batting: RHB Marco Morales 0-0: SINGLE (Groundball, 56D, EV 95.6 MPH)
Batting: RHB Luis Cabera 0-0: Ball
1-0: Ball
Marco Morales steals 2nd base
2-0: Ground out 1-6-3 (Groundball, 15S, EV 101.9 MPH)
Marco Morales to third
Batting: LHB Terry Bayer 0-0: Ball
1-0: Fly out, F7 (Flyball, 78S, EV 75.0 MPH)
Runner from 3rd tags up, OUT at HOME! 7-2
Top of the 4th over - 0 runs, 1 hit, 0 errors, 0 left on base; University of Florida 0 - University of Nebraska 2
BOTTOM OF THE 4TH
University of Nebraska Cornhuskers batting - Pitching for University of Florida Gators : RHP Marc Miles
Batting: LHB David Sigmon 0-0: Ball
1-0: Called Strike
1-1: Foul Ball, location: 2F
1-2: Ground out U3 (Groundball, 34S, EV 90.6 MPH)
Batting: LHB Mike Rawson 0-0: Ball
1-0: Ball
2-0: Foul Ball, location: 2F
2-1: Foul Ball, location: 2F
2-2: Ball
3-2: Strikes out swinging
Batting: SHB Kent Worboys 0-0: Foul Ball, location: 2F
0-1: SINGLE (Groundball, 34D, EV 93.8 MPH)
Batting: RHB Quentin Howland 0-0: Called Strike
0-1: Foul Ball, location: 2F
0-2: Ball
1-2: Ball
2-2: Foul Ball, location: 2F
2-2: Strikes out swinging
Bottom of the 4th over - 0 runs, 1 hit, 0 errors, 1 left on base; University of Florida 0 - University of Nebraska 2
TOP OF THE 5TH
University of Florida Gators batting - Pitching for University of Nebraska Cornhuskers : RHP Reshid Menderes
Now at C: Will England
Now at 2B: Andy Henn
Now at 3B: Mario Lopec
Now at SS: Tariq Garane
Now in RF: Alfonso Escalante
Batting: SHB Nelson Carachure 0-0: Ball
1-0: Foul Ball, location: 2F
1-1: SOLO HOME RUN (Flyball, 9D, EV 95.0 MPH), Distance : 364 ft
Batting: RHB Robert Mason 0-0: Called Strike
0-1: Foul Ball, location: 2F
0-2: Strikes out swinging
Batting: RHB Lião Weishampt 0-0: Called Strike
0-1: Foul Ball, location: 2F
0-2: Ball
1-2: Foul Ball, location: 2F
1-2: Ground out U3 (Groundball, 3, EV 105.6 MPH)
Batting: RHB Gong-sun Law 0-0: Fly out, F9 (Line Drive, 9D, EV 86.2 MPH)
Top of the 5th over - 1 run, 1 hit, 0 errors, 0 left on base; University of Florida 1 - University of Nebraska 2
BOTTOM OF THE 5TH
University of Nebraska Cornhuskers batting - Pitching for University of Florida Gators : RHP Marc Miles
Pitching: RHP Justin Alvarado
Now at C: Angelo Rentas
Now at 2B: Manny Harrison
Now in RF: Pat Justice
Pinch Hitting: RHB Danny Forbes 0-0: Foul Ball, location: 2F
0-1: Fly out, F6 (Flyball, 6MD, EV 87.5 MPH)
Batting: LHB Alfonso Escalante 0-0: Called Strike
0-1: Called Strike
0-2: Foul Ball, location: 2F
0-2: Ball
1-2: Foul Ball, location: 2F
1-2: Foul Ball, location: 2F
1-2: Ball
2-2: Ball
3-2: Foul Ball, location: 2F
3-2: Foul Ball, location: 2F
3-2: Foul Ball, location: 2F
3-2: SINGLE (Groundball, 4M, EV 94.4 MPH) (infield hit)
Pinch Runner at 1st Bob Appleby:
Batting: SHB Andy Henn 0-0: Called Strike
Bob Appleby steals 2nd base
0-1: Called Strike
0-2: Hit by Pitch
Pinch Hitting: RHB Alex Garcia 0-0: Ball
1-0: Foul Ball, location: 2F
1-1: Called Strike
1-2: Ball
2-2: Foul Ball, location: 2F
2-2: Foul Ball, location: 2F
2-2: Ball
3-2: Base on Balls
Bob Appleby to third
Andy Henn to second
Batting: RHB Matt Peters 0-0: Ball
1-0: Swinging Strike
1-1: Foul Ball, location: 2F
1-2: Grounds into double play, 6-4-3 (Groundball, 6, EV 103.1 MPH)
Bottom of the 5th over - 0 runs, 1 hit, 0 errors, 2 left on base; University of Florida 1 - University of Nebraska 2
TOP OF THE 6TH
University of Florida Gators batting - Pitching for University of Nebraska Cornhuskers : RHP Reshid Menderes
Now at 1B: Tom Mulholland
Now at 3B: Danny Forbes
Now in LF: Ruben Savino
Now in CF: Kevin Brannon
Now in RF: Bob Appleby
Batting: RHB Juan Lopez 0-0: Ball
1-0: Ball
2-0: Swinging Strike
2-1: Fly out, F9 (Flyball, 89D, EV 103.8 MPH)
Batting: RHB Jae-won Kwon 0-0: Ball
1-0: Called Strike
1-1: Foul Ball, location: 2F
1-2: Ball
2-2: Foul Ball, location: 2F
2-2: Strikes out swinging
Batting: SHB Pat Justice 0-0: Ball
1-0: Foul Ball, location: 2F
1-1: Called Strike
1-2: Foul Ball, location: 2F
1-2: Ground out U3 (Groundball, 3, EV 101.2 MPH)
Top of the 6th over - 0 runs, 0 hits, 0 errors, 0 left on base; University of Florida 1 - University of Nebraska 2
BOTTOM OF THE 6TH
University of Nebraska Cornhuskers batting - Pitching for University of Florida Gators : RHP Justin Alvarado
Now at 1B: Roy Davies
Now at 3B: C.J. Clifford
Batting: RHB Tariq Garane 0-0: Ball
1-0: SINGLE (Groundball, 13, EV 85.6 MPH) (infield hit)
Batting: RHB Ruben Savino Pickoff Throw to First - Out! 1-3 CS
0-0: Called Strike
0-1: Foul Ball, location: 2F
0-2: Ball
1-2: TRIPLE (Flyball, 78XD, EV 110.6 MPH)
Pinch Runner at 3rd Avicenna Abdul-Muta'al:
Batting: LHB Kevin Brannon 0-0: Called Strike
0-1: Ball
1-1: Ball
Wild Pitch!
Avicenna Abdul-Muta'al scores
2-1: Ball
3-1: Base on Balls
Pitching: RHP Jeff Nadeau
Batting: RHB Will England 0-0: Swinging Strike
0-1: Ball
1-1: Reached via error on a dropped throw from SS, E3 (Groundball, 6MD, EV 91.2 MPH)
Kevin Brannon to second
Batting: RHB Danny Forbes 0-0: SINGLE (Groundball, 6MD, EV 110.0 MPH)
Kevin Brannon to third
Will England to second
Batting: LHB Bob Appleby 0-0: Ball
1-0: Swinging Strike
1-1: SINGLE (Flyball, 8RS, EV 91.9 MPH)
Kevin Brannon scores
Will England to third
Danny Forbes to second
Runner from 3rd tries for Home, SAFE, throw by CF to home
Batting: SHB Andy Henn 0-0: Foul Ball, location: 2F
0-1: Ball
1-1: Ball
2-1: Swinging Strike
2-2: DOUBLE (Groundball, 3L, EV 96.9 MPH)
Danny Forbes scores
Bob Appleby to third
Batting: SHB Tom Mulholland 0-0: Ball
1-0: Foul Ball, location: 2F
1-1: Ball
2-1: Ball
3-1: Foul Ball, location: 2F
3-2: Foul Ball, location: 2F
3-2: Strikes out swinging
Batting: RHB Salvador Guillen 0-0: Swinging Strike
0-1: Swinging Strike
0-2: Strikes out looking
Bottom of the 6th over - 4 runs, 5 hits, 1 error, 2 left on base; University of Florida 1 - University of Nebraska 6
TOP OF THE 7TH
University of Florida Gators batting - Pitching for University of Nebraska Cornhuskers : RHP Reshid Menderes
Pitching: RHP Bill Norman
Now in LF: Aidan Collet
Batting: RHB Jay Rudacille 0-0: Ball
1-0: DOUBLE (Flyball, 89D, EV 100.6 MPH)
Pinch Hitting: LHB Juan Cadavid 0-0: Called Strike
0-1: Foul Ball, location: 2F
0-2: Foul Ball, location: 2F
0-2: Foul Ball, location: 2F
0-2: Strikes out swinging
Pinch Hitting: LHB Penrod Winter 0-0: Ball
1-0: Ball
2-0: Foul Ball, location: 2F
2-1: Foul Ball, location: 2F
2-2: Ball
3-2: Strikes out looking
Batting: RHB Manny Harrison 0-0: Ball
1-0: Swinging Strike
1-1: Swinging Strike
1-2: Strikes out swinging
Top of the 7th over - 0 runs, 1 hit, 0 errors, 1 left on base; University of Florida 1 - University of Nebraska 6
BOTTOM OF THE 7TH
University of Nebraska Cornhuskers batting - Pitching for University of Florida Gators : RHP Jeff Nadeau
Now in LF: Penrod Winter
Now in CF: Juan Cadavid
Batting: RHB Tariq Garane 0-0: Ground out 6-3 (Groundball, 6, EV 83.8 MPH)
Batting: RHB Aidan Collet 0-0: Ball
1-0: SOLO HOME RUN (Flyball, 78XD, EV 113.1 MPH), Distance : 456 ft
Batting: LHB Kevin Brannon 0-0: Fly out, F7 (Line Drive, 7D, EV 98.8 MPH)
Batting: RHB Will England 0-0: Called Strike
0-1: Called Strike
0-2: Ball
1-2: Ball
2-2: Foul Ball, location: 2F
2-2: SINGLE (Groundball, 34D, EV 111.9 MPH)
Pinch Hitting: RHB Tim Bond 0-0: Ball
1-0: Called Strike
1-1: Called Strike
1-2: Foul Ball, location: 2F
1-2: Fly out, F8 (Flyball, 8LM, EV 91.2 MPH)
Bottom of the 7th over - 1 run, 2 hits, 0 errors, 1 left on base; University of Florida 1 - University of Nebraska 7
TOP OF THE 8TH
University of Florida Gators batting - Pitching for University of Nebraska Cornhuskers : RHP Bill Norman
Pitching: LHP Nate Wood
Now at 3B: Tim Bond
Batting: RHB Angelo Rentas 0-0: Called Strike
0-1: Ball
1-1: Ball
2-1: Swinging Strike
2-2: Fly out, F8 (Flyball, 8LD, EV 97.5 MPH)
Batting: RHB Gong-sun Law 0-0: Called Strike
0-1: Foul Ball, location: 2F
0-2: Foul Ball, location: 2F
0-2: Fly out, F9 (Flyball, 89M, EV 96.9 MPH)
Batting: RHB C.J. Clifford 0-0: Ball
1-0: Called Strike
1-1: Ball
2-1: Foul Ball, location: 2F
2-2: Ball
3-2: Ground out 6-3 (Groundball, 6, EV 80.0 MPH)
Top of the 8th over - 0 runs, 0 hits, 0 errors, 0 left on base; University of Florida 1 - University of Nebraska 7
BOTTOM OF THE 8TH
University of Nebraska Cornhuskers batting - Pitching for University of Florida Gators : RHP Jeff Nadeau
Batting: LHB Bob Appleby 0-0: Called Strike
0-1: Foul Ball, location: 2F
0-2: Ball
1-2: Ground out 6-3 (Groundball, 6M, EV 105.0 MPH)
Pinch Hitting: RHB Carlos Salazar 0-0: Called Strike
0-1: Ball
1-1: Ball
2-1: Ball
3-1: Called Strike
3-2: Base on Balls
Pitching: LHP Bill White
Pinch Hitting: RHB Jose Caballero 0-0: Ball
1-0: Reached on error, E4 (Groundball, 4, EV 83.8 MPH)
Carlos Salazar to second
Batting: RHB Salvador Guillen 0-0: Ball
1-0: Called Strike
1-1: Foul Ball, location: 2F
1-2: Ball
2-2: Strikes out swinging
Batting: RHB Tariq Garane 0-0: Ball
1-0: Ball
2-0: Ground out 4-3 (Groundball, 13, EV 81.9 MPH)
Bottom of the 8th over - 0 runs, 0 hits, 1 error, 2 left on base; University of Florida 1 - University of Nebraska 7
TOP OF THE 9TH
University of Florida Gators batting - Pitching for University of Nebraska Cornhuskers : LHP Nate Wood
Pitching: RHP Joe Hunter
Now at 1B: Jose Caballero
Now at 2B: Carlos Salazar
Pinch Hitting: RHB Elliott Pye 0-0: Ball
1-0: Ground out 1-3 (Groundball, 34S, EV 68.8 MPH)
Batting: SHB Pat Justice 0-0: Ball
1-0: Called Strike
1-1: Fly out, F7 (Flyball, 7S, EV 88.1 MPH)
Batting: RHB Jay Rudacille 0-0: Ball
1-0: Foul Ball, location: 2F
1-1: Ground out 6-3 (Groundball, 4MS, EV 87.5 MPH)
Top of the 9th over - 0 runs, 0 hits, 0 errors, 0 left on base; University of Florida 1 - University of Nebraska 7
Tuesday, March 28th , 2023 - OOTP Baseball 23.10 Build 110